 Dungeon Crawl Stone Soup version 0.20-a0-869-gcf33cab (webtiles) character file.

7 Denreik the Stinger (level 2, 0/19 HPs)
             Began as a Formicid Venom Mage on Mar 13, 2017.
             Slain by a frilled lizard (3 damage)
             ... on level 1 of the Dungeon.
             The game lasted 00:02:28 (196 turns).

Denreik the Stinger (Formicid Venom Mage)            Turns: 196, Time: 00:02:29

Health: 0/19       AC:  2    Str: 12    XL:     2   Next: 5%
Magic:  1/5        EV: 12    Int: 14    God:
Gold:   16         SH:  0    Dex: 11    Spells: 4/5 levels left

rFire    . . .     SeeInvis +   e - +0 club
rCold    . . .     Gourm    .   a - +0 robe
rNeg     . . .     Faith    .   (no shield)
rPois    .         Spirit   .   (helmet unavailable)
rElec    .         Reflect  .   (no cloak)
rCorr    .         Harm     .   (no gloves)
MR       .....                  (no boots)
Stlth    ++........             (no amulet)
Regen    0.1/turn               (no ring)
MPRegen  0.1/turn               (no ring)

@: no status effects
A: permanent stasis, dig shafts and tunnels, four strong arms, antennae 3
a: Dig, Shaft Self


You were on level 1 of the Dungeon.
You were not hungry.

You visited 1 branch of the dungeon, and saw 1 of its levels.

You collected 16 gold pieces.

Inventory:

Hand Weapons
 e - a +0 club (weapon)
Armour
 a - a +0 robe (worn)
Potions
 d - a potion of heal wounds {unknown}
Books
 b - a Young Poisoner's Handbook

   Spells                             Type                      Level
   a - Sting                          Conjuration/Poison           1
   b - Poisonous Vapours              Poison/Air                   2
   c - Mephitic Cloud                 Conjuration/Poison/Air       3
   d - Olgreb's Toxic Radiance        Poison                       4
   e - Venom Bolt                     Conjuration/Poison           5
Comestibles
 c - a bread ration
 f - a chunk of flesh


   Skills:
 - Level 2.0 Dodging
 + Level 2.5 Stealth
 - Level 2.1 Spellcasting
 * Level 1.3 Conjurations
 - Level 4.0 Poison Magic


You had 4 spell levels left.
You knew the following spells:

 Your Spells              Type           Power        Failure   Level  Hunger
a - Sting                 Conj/Pois      #...         10%         1    #......


Dungeon Overview and Level Annotations

Branches:
Dungeon (1/15)

Altars:


Innate Abilities, Weirdness & Mutations

You cannot be hasted, slowed, berserked, paralysed or teleported.
You can dig through walls and to a lower floor.
Your four strong arms can wield two-handed weapons with a shield.
You have a pair of large antennae on your head. (SInv)


Message History

Aiming: Sting
Press: ? - help, Shift-Dir - straight line, f/p - hobgoblin
Aim: a hobgoblin, wielding a club (moderately wounded)
The sting misses the hobgoblin.
The frilled lizard bites you.
* * * LOW HITPOINT WARNING * * *
The hobgoblin barely misses you.
Casting: Sting
Confirm with . or Enter, or press ? or * to list all spells.
Aiming: Sting
Press: ? - help, Shift-Dir - straight line, f - frilled lizard
Aim: a frilled lizard The sting misses the frilled lizard.
The frilled lizard bites you but does no damage.
Casting: Sting
Confirm with . or Enter, or press ? or * to list all spells.
Aiming: Sting
Press: ? - help, Shift-Dir - straight line, f/p - frilled lizard
Aim: a frilled lizard The sting misses the frilled lizard.
The frilled lizard bites you.
You die...

###............# .# .. .
#.#...)...##.# .#
##+#.......##+#####.#
#.....#..#..........#
#.........##........#
#.......#.g.........#
#.......####g.....#.#
####.......l..###...#####
#......@..............
#.....................
#....................(
#....####.............
#....# #.............
##.)..# #.............
#.....# #############.
###.....# #.......#


You could see a hobgoblin and a frilled lizard.

Vanquished Creatures
  2 bats (D:1)
  2 goblins (D:1)
  A hobgoblin (D:1)
5 creatures vanquished.

Notes
Turn   | Place    | Note
-------+----------+-------------------------------------------
     0 | D:1      | Denreik the Formicid Venom Mage began the quest for the Orb.
     0 | D:1      | Reached XP level 1. HP: 13/13 MP: 3/3
    65 | D:1      | Reached skill level 1 in Conjurations
   188 | D:1      | Reached XP level 2. HP: 14/19 MP: 3/5
   196 | D:1      | Slain by a frilled lizard

Vault maps used:
D:1:      elethiomel_arrival_maze

Skill      XL: |  1 |
---------------+----+-----
Conjurations   | 1 |  1.3
Dodging        | 2 |  2.0
Stealth        | |  2.5
Spellcasting   | |  2.1
Poison Magic   | |  4.0

Action                   || total
-------------------------++-------
Melee: Club              ||    12
       Unarmed           ||     3
 Cast: Sting             ||    11
Armor: Robe              ||    12
Dodge: Dodged            ||    25
